cohdb
Replays
Latest Replays
All Replays
Popular Replays
Top Player Replays
Match Explorer
How It Works
Community
CoH3 Stats
Reddit
Sign in to upload your games and track your stats! →
Sign in with Steam
Match 45826937
Unlisted
Match 45826937
Overview
Messages
Build Orders
End
Construct Barracks
Engineer Squad
Selects Armored Battlegroup
1⁄4-ton 4x4 Truck
Selects Veteran Crews
Riflemen Squad
Grenade Package
Riflemen Squad
Riflemen Squad
Mechanized Support Center
Riflemen Squad
Construct Motor Pool
Selects Field Repairs
Selects War Machine
M1 Anti-tank Gun Team
M8 Greyhound Armored Car
Selects Strength in Steel
Designate Forward Repair Station
M1 Anti-tank Gun Team
M24 Chaffee Light Tank
JEFG
Seocheon
✠Kaiser✠ tushkan
✠Kaiser✠ PERVITIN
0
0
Comments
sign in to comment!
No comments posted yet!